cohdb
Replays
Latest Replays
All Replays
Popular Replays
Top Player Replays
Match Explorer
How It Works
Community
CoH3 Stats
Reddit
Sign in to upload your games and track your stats! →
Sign in with Steam
Match 45249678
Unlisted
Match 45249678
Overview
Messages
Build Orders
End
Vickers Machine Gun Team
Construct Section Command Post
ML 3-inch Mortar Team
Infantry Section
Infantry Section
Construct Platoon Command Post
Humber Armored Car
Infantry Section
6-pounder Anti-tank Gun Team
Selects Air and Sea Battlegroup
Selects Air and Sea Battlegroup
Selects Supply Surplus
Selects UNKNOWN (223837)
Construct Field Infirmary
抖音二呆
大将军
蘅
system CNMD
fanisSPR
vincent
WoW
mostwantx
0
0
Comments
sign in to comment!
No comments posted yet!